 Dungeon Crawl Stone Soup version 0.30-a0-972-gf3ab3527aa (webtiles) character file.

Game seed: 10811789218929228799

48 BlueFish the Insei (level 3, -4/23 HPs)
             Began as an Octopode Transmuter on Mar 31, 2023.
             Slain by an orc
             ... wielding a +2 war axe of flaming
              (10 damage)
             ... on level 2 of the Dungeon.
             The game lasted 00:02:26 (1596 turns).

BlueFish the Insei (Octopode Transmuter)            Turns: 1596, Time: 00:02:27

Health: -4/23      AC:  1    Str: 11    XL:     3   Next: 72%
Magic:  15/15      EV: 13    Int: 15    God:
Gold:   127        SH:  0    Dex: 12    Spells: 2/6 levels left

rFire   . . .      SeeInvis .      - Unarmed
rCold   . . .      Faith    .    (no shield)
rNeg    . . .      Spirit   .    (helmet currently unavailable)
rPois   .          Reflect  .    (no amulet)
rElec   .          Rampage  .    c - ring of magical power
rCorr   .                        h - ring of flight
Will    .....                    (no ring)
Stlth   +++                      (no ring)
HPRegen 0.23/turn                (no ring)
MPRegen 0.14/turn                (no ring)
                                 (no ring)
                                 (no ring)

@: appendages (expiring), flying
A: tentacle spike 3, almost no armour, amphibious, 8 rings, camouflage 1,
gelatinous body 1, (nimble swimmer 1), tentacles
a: End Transformation


You were on level 2 of the Dungeon.
One of your tentacles had grown a beastly spike.
You visited 1 branch of the dungeon, and saw 3 of its levels.

You collected 127 gold pieces.

Inventory:

Missiles
 b - 9 stones
 l - 2 curare-tipped darts
Jewellery
 c - a ring of magical power (left tentacle)
 h - a ring of flight (right tentacle)
Scrolls
 d - 2 scrolls of identify {unknown}
 e - a scroll of amnesia {unknown}
 i - 2 scrolls of fear {unknown}
 j - a scroll of vulnerability {unknown}
 m - a scroll of summoning {unknown}
 o - a scroll of enchant armour {unknown}
 p - a scroll of magic mapping {unknown}
Potions
 a - a potion of lignification
 f - a potion of attraction {unknown}
 g - a potion of curing {unknown}
 k - a potion of heal wounds {unknown}
 n - a potion of degeneration {unknown}
 q - a potion of brilliance {unknown}
 r - a potion of flight {unknown}


   Skills:
 + Level 1.3 Fighting
 + Level 2.2 Dodging
 * Level 2.4 Stealth
 + Level 3.2 Unarmed Combat
 + Level 2.2 Spellcasting
 + Level 2.2 Transmutations
 * Level 0.8 Poison Magic


You had 2 spell levels left.
You knew the following spells:

 Your Spells              Type           Power      Damage    Failure   Level
a - Beastly Appendage     Tmut           16%        N/A       9%          1
b - Spider Form           Tmut/Pois      6%         N/A       34%         3

Your spell library contained the following spells:

 Spells                   Type           Power      Damage    Failure   Level
 Wereblood                Tmut           8%         N/A       13%         2
 Ice Form                 Ice/Tmut       5%         N/A       80%         4


Dungeon Overview and Level Annotations

Branches:
Dungeon (3/15)

Altars:

Shops:
D:2 (


Innate Abilities, Weirdness & Mutations

One of your tentacles has grown a beastly spike.
You cannot wear most types of armour.
You are amphibious.
You can wear up to eight rings at the same time.
Your skin changes colour to match your surroundings (Stealth+).
Your rubbery body absorbs attacks. (AC +1, EV +1)
((You are camouflaged when in or above water. (Stealth+)))
You have tentacles for arms and can constrict up to eight enemies at once.


Message History

No target in view!
There is a stone staircase leading up here.
Done exploring.
(D) Dungeon
Where to? (Enter - D:2, ? - help)
There is a stone staircase leading down here.
You fly downwards.
Found 9 stones.
There is a stone staircase leading up here.
There are monsters nearby!
Casting: Beastly Appendage (safe; 9% risk of failure)
Confirm with . or Enter, or press ? or * to list all spells.
One of your tentacles grows a vicious spike.
The orc shouts!
The orc hits you with a +0 hand axe. The orc misses you.
You hear a shout!
The orc shouts!
You tentacle-slap the orc. You grab the orc.
You pierce the orc.
You squeeze the orc.
You kill the orc!
The orc hits you but does no damage.
An orc priest comes into view. It is wielding a +0 short sword.
The orc hits you with a +0 hand axe. The orc closely misses you.
The orc priest casts a cantrip, but nothing happens.
You fly upwards.
There is a stone staircase leading down here.
You tentacle-slap the orc priest. You grab the orc priest.
You squeeze the orc priest.
The orc priest is heavily wounded.
Your transformation is almost over.
You constrict the orc priest.
The orc priest hits you with a +0 short sword.
The orc hits you with a +2 war axe of flaming.
* * * LOW HITPOINT WARNING * * *
The orc burns you.
* * * LOW HITPOINT WARNING * * *
The orc hits you but does no damage.
You tentacle-slap the orc priest. You squeeze the orc priest.
You kill the orc priest!
The orc hits you with a +2 war axe of flaming!
You die...

..#.#.#.#...........#...#####.#
....#.#.#.#.######..##.## #.#
#.#.#.#.#.#.######..##.### #.#
......#.#.#..............# #.#
........<...######.#####.# #.#
#.#......#..# #.# #.# #.#
#.######...## #.# #.# #.# ..#
##รท## ####.#####.# #.#
#########.## #o@).......# #.##
###.....<..####o#####.#.## #..#
................# #.#.# ##.#
...#######.####.# #.#.# #.#
##.# #.# #.# #.#.# #.# #.# #.#
#.#####.#.# #.# #.#
#.####.........# #.# #.#
#.....#......#.######.# #.#
#####.#.....###.......#


You could see 2 orcs.

Vanquished Creatures
  An orc priest (D:2)
  An adder (D:2)
  A worm (D:2)
  2 dart slugs (D:1)
  An orc (D:3)
  8 endoplasms
  A giant cockroach (D:2)
  A hobgoblin (D:2)
  3 ball pythons (D:1)
  4 bats
  4 frilled lizards
  4 goblins
31 creatures vanquished.

Notes
Turn   | Place    | Note
-------+----------+-------------------------------------------
     0 | D:1      | BlueFish the Octopode Transmuter began the quest for the
                  | Orb.
     0 | D:1      | Reached XP level 1. HP: 13/13 MP: 3/3
    30 | D:1      | Reached skill level 1 in Stealth
    31 | D:1      | Reached XP level 2. HP: 17/18 MP: 3/5
   715 | D:1      | Reached XP level 3. HP: 23/23 MP: 6/6
   719 | D:1      | Learned a level 3 spell: Spider Form
   888 | D:2      | You are sucked into a shaft and drop 1 floor!
   957 | D:2      | Found Qilluzigh's Weapon Shop.
  1596 | D:2      | Slain by an orc

Illustrated notes

Levels and vault maps discovered:
D:1:      wander_arrival_peaceful_grave, layout_basic, minmay_pentomino_q4
D:2:      layout_loops_ring, serial_shops, nicolae_shop_bloodbath_and_beyond
D:3:      layout_basic

Skill      XL: |  1  2 |
---------------+-------+-----
Stealth        | 1 2 |  2.4
Fighting       | |  1.3
Dodging        | |  2.2
Unarmed Combat | |  3.2
Spellcasting   | |  2.2
Transmutations | |  2.2
Poison Magic   | |  0.8

Action                     || total
---------------------------++-------
  Melee: Unarmed           ||    57
         Tentacles         ||    14
         Kick              ||     9
         Constrict         ||    17
         Punch             ||     1
   Cast: Beastly Appendage ||    10
   Stab: Sleeping          ||     7
         Distracted        ||     1
 Armour: Skin              ||     6
  Dodge: Dodged            ||    25

Table legend: (Time is in decaauts)
 A = Elapsed time spent in this place.
 B = Non-inter-level travel time spent in this place.
 C = Inter-level travel time spent in this place.
 D = Time resting spent in this place.
 E = Time spent auto-exploring this place.
 F = Levels seen in this place.
 G = Mean time per level.
                   A        B        C        D        E       F      G
               +--------+--------+--------+--------+--------+-----+--------+
         Total |   1592 |   1557 |     35 |      0 |   1283 |   3 |  530.7 |
       Dungeon |   1592 |   1557 |     35 |      0 |   1283 |   3 |  530.7 |
               +--------+--------+--------+--------+--------+-----+--------+

Top non-repeatable levels by time:
     D:1: 859 daAuts
     D:2: 680 daAuts
     D:3: 51 daAuts
